[Event "4NCL 2022-2023"]
[Site "Daventry"]
[Date "2023.03.19"]
[Round "8.30"]
[White "Stewart, Ashley"]
[Black "Thorarinsson, Pall A."]
[Result "1/2-1/2"]
[ECO "A27"]
[WhiteElo "2051"]
[BlackElo "2169"]
[Annotator "TA"]
[PlyCount "101"]
[EventDate "2022.10.20"]
[EventType "team-tourn"]
[EventCountry "ENG"]
[SourceTitle "playchess.com"]
[Source "ChessBase"]
[SourceQuality "1"]
[TimeControl "40/6000+30:2400+30"]

1. c4 e5 2. g3 Nc6 3. Nc3 f5 4. Nf3 Nf6 5. d4 e4 6. Nh4 {[%emt 0:01:05] A27: English Opening: Three Knights Variation.} d5 $1 {[%emt 0:15:09][%mdl 4] is now more promising than 6...d6.} 7. Bg5 Be7 8. e3 $1 {[%emt 0:09:05] White is better.} O-O 9. Bxf6 Bxf6 10. cxd5 Ne7 11. Bc4 (11. Ng2 $14) 11... Bxh4 $11 12. gxh4 Ng6 13. Qh5 Nxh4 14. O-O-O {[%emt 0:05:43] [#]} (14. d6+ $11 Kh8 15. dxc7 Qxc7 16. Qxh4 Qxc4 17. d5) 14... Nf3 $146 ({Predecessor:} 14... Bd7 15. d6+ Kh8 16. dxc7 Qxc7 17. Qxh4 Qxc4 18. d5 Rf6 19. Rd4 Qc5 20. Kb1 Rc8 {0-1 Stokke,K (2382)-Lie,K (2547) NOR-chT 0910 2009 (4)}) 15. Ne2 {[%emt 0:11:09] [#]} (15. d6+ $11 Kh8 16. dxc7 Qxc7 17. Be2) 15... b5 $1 $17 16. Bb3 Qd6 (16... a5 $17 {...a4 would be deadly.} 17. d6+ Kh8) 17. Nf4 $2 (17. Ng1 $1 $11 {and White stays safe.}) 17... a5 $1 $19 18. Rdg1 a4 19. Bd1 Nxg1 20. Rxg1 Rf7 21. Qg5 Qf6 (21... c6 $19 22. dxc6 Qxc6+ 23. Kd2 Bb7) 22. Qg2 (22. h4 $17) 22... Bb7 23. Kb1 Rd8 24. Qf1 Qb6 ({And not} 24... Bxd5 25. Qxb5 c6 26. Qa5 $17) 25. Bh5 Bxd5 (25... Re7 $19 26. Qg2 Rdd7) 26. Nxd5 $15 Rxd5 27. Bxf7+ Kxf7 $19 {[%emt 0:00:11][%mdl 4096] Endgame KQR-KQR} 28. Qh3 Kg8 $1 29. Qg3 g6 30. Qg5 Qd6 31. Rc1 c5 ({Worse is} 31... Qxh2 32. Qe7 Qd6 33. Qe8+ Kg7 34. Qb8 $15) 32. dxc5 Rxc5 33. Rxc5 Qxc5 {[%emt 0:00:01] KQ-KQ} 34. Qd8+ Kg7 35. Qd7+ $2 (35. a3 $17) 35... Kh6 36. Qd8 Qe5 37. h4 Qc5 {[%emt 0:01:34] ...b4 is the strong threat.} 38. a3 {[%emt 0:00:37] [#]} b4 (38... f4 $1 $19 {[%cal Rf4e3] is more deadly.} 39. exf4 Qf5) 39. axb4 Qxb4 {[%emt 0:00:01] Hoping for ...a3.} 40. Ka2 (40. Qg5+ $1 $15 Kg7 41. Qd8) 40... Qc4+ 41. Ka1 Qb4 {[%emt 0:00:00] Prevents Qe7} 42. Ka2 $1 {[%emt 0:08:45] [#]} Qc5 (42... Qb3+ $1 $17 43. Ka1 Qb4 44. Ka2) 43. Qf6 $1 $15 Qc4+ 44. Ka1 Qf1+ 45. Ka2 Qg1 ({But not} 45... Qxf2 46. Qg5+ Kg7 47. Qe7+ Kh6 48. Qg5+ Kg7 49. Qe7+ Kh6 50. Qg5+ $11) ({Black should play} 45... Qg2 $1 $15 46. Qe7 Qg1) 46. Qe7 $1 $11 {[%emt 0:01:41] The position is equal.} Qxf2 47. Qg5+ Kg7 {[%emt 0:00:04] White must now prevent ...Kf7.} 48. Qe7+ Kh6 49. Qg5+ Kg7 {[%emt 0:00:05] aiming for ...Kf7.} 50. Qe7+ Kh6 51. Qg5+ {[%emt 0:18:12] White happily takes the draw.   Weighted Error Value: White=0.27 (precise) /Black=0.30} 1/2-1/2

[Event "4NCL 2022-2023"]
[Site "Daventry"]
[Date "2023.03.19"]
[Round "8.31"]
[White "Murray, David"]
[Black "Starley, Robert"]
[Result "0-1"]
[ECO "C45"]
[WhiteElo "2120"]
[BlackElo "2056"]
[Annotator "TA"]
[PlyCount "44"]
[EventDate "2022.10.20"]
[EventType "team-tourn"]
[EventCountry "ENG"]
[SourceTitle "playchess.com"]
[Source "ChessBase"]
[SourceQuality "1"]
[TimeControl "40/6000+30:2400+30"]

1. e4 e5 2. Nf3 Nc6 3. d4 exd4 4. Nxd4 Nf6 5. Nxc6 bxc6 6. e5 Qe7 7. Qe2 Nd5 8. c4 Ba6 9. g3 g6 10. b3 Bg7 11. Bb2 O-O 12. Bg2 Rfe8 13. f4 {[%emt 0:03:36] C45: Scotch Game.} ({White should try} 13. O-O $1 $14) 13... Qc5 {[%emt 0:06:46] [#]} (13... f6 $15 14. O-O fxe5) 14. Nd2 $146 (14. Nc3 $11 {keeps the balance.}) ({Predecessor:} 14. Ba3 Qe3 15. Nd2 Bxe5 16. fxe5 Qd4 17. O-O-O Nc3 {½-½ Novikovas,A (1862)-Vaicekauskas,G (2228) LTU-ch Vilnius 2017 (2)}) 14... Ne3 $17 {[%emt 0:06:03] Threatens to win with ...d6. Black is more active.} 15. Be4 (15. Ne4 $17 Qb6 16. Nc3) 15... d5 $19 16. Bd3 {[%emt 0:02:47] [#]} (16. b4 {was worth a try.} Qb6 17. b5) 16... f6 $1 17. Rc1 $2 (17. b4 Qxb4 18. Qxe3 Qxb2 19. O-O fxe5 20. Rab1 exf4 21. Qxf4 Qxa2 22. Kh1) 17... fxe5 18. cxd5 Qxd5 19. Bxa6 Qxh1+ 20. Kf2 Qg2+ {[%emt 0:01:45] Black mates.} 21. Ke1 Qg1+ 22. Nf1 exf4 {[%emt 0:03:28] White got outplayed after the opening.   Weighted Error Value: White=1.94/Black=0.12 (very precise)} 0-1

[Event "4NCL 2022-2023"]
[Site "Daventry"]
[Date "2023.03.19"]
[Round "8.32"]
[White "Sivanandan, Bodhana"]
[Black "Putar, Lara"]
[Result "0-1"]
[ECO "C02"]
[WhiteElo "1725"]
[BlackElo "1857"]
[Annotator "NA RC COMBH"]
[PlyCount "66"]
[EventDate "2022.10.20"]
[EventType "team-tourn"]
[EventCountry "ENG"]
[SourceTitle "playchess.com"]
[Source "ChessBase"]
[SourceQuality "1"]
[TimeControl "40/6000+30:2400+30"]

1. e4 e6 2. d4 d5 3. e5 c5 4. c3 Nc6 5. Nf3 Bd7 6. Be2 cxd4 7. cxd4 Nge7 8. Nc3 Nf5 9. O-O Be7 10. Re1 O-O 11. Bd3 Bb4 12. Bxf5 exf5 13. Bd2 Be6 14. Ne2 Be7 15. h3 Rc8 16. Rc1 g5 17. Nh2 Kh8 18. Kh1 Rg8 19. f4 g4 20. hxg4 fxg4 21. g3 Bf5 22. a3 Rg6 23. Kg1 Qf8 24. Nf1 Qh6 25. Kf2 Be4 26. Ne3 Qh2+ 27. Kf1 Rh6 28. Rc3 Bf3 29. Qc2 Bxe2+ 30. Rxe2 Qh1+ 31. Kf2 Rh2+ 32. Ng2 Qxg2+ 33. Ke1 Qxe2# 0-1

[Event "4NCL 2022-2023"]
[Site "Daventry"]
[Date "2023.03.19"]
[Round "8.33"]
[White "Kozusek, Daniel"]
[Black "Chow, Samuel"]
[Result "1-0"]
[ECO "D79"]
[WhiteElo "2328"]
[BlackElo "2308"]
[Annotator "TA"]
[PlyCount "81"]
[EventDate "2022.10.20"]
[EventType "team-tourn"]
[EventCountry "ENG"]
[SourceTitle "playchess.com"]
[Source "ChessBase"]
[SourceQuality "1"]
[TimeControl "40/6000+30:2400+30"]

1. d4 Nf6 2. c4 g6 3. g3 c6 4. Bg2 d5 5. Nf3 Bg7 6. O-O O-O 7. Ne5 Ng4 8. cxd5 cxd5 9. Bf4 $1 {[%emt 0:00:14][%mdl 4] is more profitable than 9.Nxg4 at the moment. D79: Fianchetto Grünfeld: Symmetrical Variation (6 0-0 c6 7 cxd5 cxd5).} Nxe5 10. Bxe5 Bxe5 11. dxe5 {[%emt 0:00:04] [#] The position is equal.} e6 $146 ({Predecessor:} 11... Nc6 12. Qxd5 Qxd5 13. Bxd5 Nxe5 14. Nc3 Bd7 15. Rfd1 Bc6 16. f4 e6 17. Bxc6 Nxc6 {1-0 Artemiev,V (2701)-Duda,J (2731) Speed Chess Q2 blitz 2022 (13)}) 12. e4 dxe4 13. Qxd8 Rxd8 14. Bxe4 Na6 15. Nc3 Rb8 16. Rfd1 Bd7 17. Rd6 {[%emt 0:05:38] aiming for Rad1.} Kf8 18. Rad1 Ke7 19. Bxb7 {[%emt 0:05:34][%mdl 64] [#] Remove Defender. White is much more active.} Nc5 20. Bc6 $36 {[%emt 0:00:18][%mdl 2048] White has the initiative.} Bxc6 (20... Rxb2 $11 {remains equal.} 21. Bxd7 Nxd7) 21. Rxc6 $16 Rxd1+ 22. Nxd1 $11 {[%emt 0:00:05][%mdl 4096] Endgame KRN-KRN} Nd3 23. Rc7+ Kf8 24. b3 Nxe5 25. Rxa7 Rd8 {[%emt 0:04:53] [#]} 26. Nc3 h6 27. Ra5 ({Better is} 27. Rc7 $16) 27... Nf3+ (27... Nd3 $14) 28. Kg2 $16 Rd3 (28... Ne1+ $16 {was necessary.} 29. Kf1 Nf3) 29. Rc5 $18 Nd4 (29... Ne1+ $142 30. Kf1 Nc2) 30. b4 Rd2 31. a4 Rb2 32. b5 {[%emt 0:02:05] a5 would be deadly.} Nb3 33. Rc8+ Ke7 34. b6 {[%emt 0:00:23] Hoping for b7.} Nd4 35. a5 {[%emt 0:03:49] Strongly threatening Na4.} Kd7 36. Rc7+ {[%emt 0:00:29][%mdl 64] Skewer} Kd6 37. Ne4+ Ke5 38. b7 Kxe4 39. a6 {[%emt 0:00:13] White mates.} Nf5 40. a7 Ne3+ 41. Kh3 {[%emt 0:40:07] Weighted Error Value: White=0.07 (flawless) /Black=0.46} 1-0